 Dungeon Crawl Stone Soup version 0.18.1-47-g9310371 (webtiles) character file.

147 Venard the Chopper (level 5, 0/41 HPs)
             Began as a Human Wanderer on June 21, 2016.
             Succumbed to zervinho's ghost's poison
             ... on level 3 of the Dungeon.
             The game lasted 00:06:32 (2350 turns).

Venard the Chopper (Human Wanderer)                 Turns: 2350, Time: 00:06:32

Health: 0/41       AC:  9    Str: 12 (15) XL:     5   Next: 54%
Magic:  5/5        EV:  7    Int:  8 (11) God:
Gold:   102        SH:  2    Dex:  9 (12) Spells: 0 memorised, 4 levels left

rFire  . . .     SeeInvis .     b - +0 hand axe
rCold  . . .     Gourm    .     a - +2 scale mail
rNeg   . . .     Faith    .     l - +0 buckler
rPois  .         Spirit   .     (no helmet)
rElec  .         Dismiss  .     j - +0 cloak
rCorr  .         Reflect  .     (no gloves)
SustAt .         Harm     .     (no boots)
MR     .....                    (no amulet)
Stlth  ..........               (no ring)
                                (no ring)

@: lethally poisoned (0 -> -53), glowing, not resistant to hostile enchantments,
extremely unstealthy
A: no striking features
a: no special abilities


You were on level 3 of the Dungeon.
You were hungry.

You visited 1 branch of the dungeon, and saw 3 of its levels.

You collected 102 gold pieces.

Inventory:

Hand Weapons
 b - a +0 hand axe (weapon)
Missiles
 o - 7 tomahawks (quivered)
Armour
 a - a +2 scale mail (worn)
 j - a +0 cloak (worn)
 l - a +0 buckler (worn)
Scrolls
 c - 4 scrolls of teleportation
 e - 2 scrolls of identify {unknown}
 h - a scroll of remove curse {unknown}
 i - 2 scrolls of immolation {unknown}
 k - a scroll of noise {unknown}
 m - a scroll of amnesia {unknown}
 p - a scroll of blinking {unknown}
 q - a scroll of enchant armour {unknown}
 s - a scroll of recharging {unknown}
Potions
 f - 2 potions of degeneration
 n - a potion of curing {unknown}
Comestibles
 d - 4 bread rations
 g - 5 fruits


   Skills:
 - Level 3.0 Fighting
 + Level 5.8 Axes
 - Level 1.0 Throwing
 - Level 2.0 Armour
 - Level 1.0 Stealth


You had 4 spell levels left.
You didn't know any spells.

Dungeon Overview and Level Annotations

Branches:
Dungeon (3/15)

Altars:
Cheibriados
The Shining One

Annotations:
D:3 zervinho's ghost, amateur SpEn


Message History

You are more poisoned.
You hit zervinho's ghost.
Zervinho's ghost is severely damaged.
* * * LOW HITPOINT WARNING * * *
You feel very sick.
Zervinho's ghost hits you but does no damage.
You are more poisoned.
You miss zervinho's ghost.
Zervinho's ghost is severely damaged.
* * * LOW HITPOINT WARNING * * *
You feel very sick.
Zervinho's ghost tries to blend into its surroundings.
Zervinho's ghost hits you.
* * * LOW HITPOINT WARNING * * *
You are more poisoned.
Drink which item? (? for menu, Esc to quit)
It was a potion of degeneration.
There was something very wrong with that liquid.
You feel weakened.
You feel dopey.
You feel clumsy.
You die...

#.# #.#.# #####..# #.# ###.#.#
######......# #######.# #...#.#
............#
........###.....########....#.#
#######.....###....##.....###..
###.....###5............### #..
###.........W###.....###..<# #..
h.#.#.######.# #........#.#####..
#.#.#.# #...###@######.#.#......
....#.# #.##..W..........#.###..
#.###W####.##.#########.#.#.# #.#
#.h...#....#...รท......#.#.#.###.#
#######.####..#.#####.#.#........
#.# #(.......#.#.#.#.#####
#.#####.#####.#.....#.# #.......#
#.###.###.# ## ######### #.#...#
#.####.


You could see zervinho's ghost.

Vanquished Creatures
  Crazy Yiuf (D:3)
  Ijyb (D:3)
  Natasha (D:3)
  An adder (D:2)
  An ooze (D:1)
  A worm (D:2)
  A dart slug (D:1)
  6 giant geckos
  4 giant cockroaches
  4 goblins
  5 hobgoblins
  3 jackals (D:1)
  A quokka (D:3)
  4 bats
  2 kobolds
  7 rats
43 creatures vanquished.

Notes
Turn   | Place    | Note
--------------------------------------------------------------
     0 | D:1      | Venard the Human Wanderer began the quest for the Orb.
     0 | D:1      | Venard set off with: a +2 scale mail, a +0 hand axe, a scroll of teleportation, a bread ration
     0 | D:1      | Reached XP level 1. HP: 18/18 MP: 1/1
   251 | D:1      | Reached XP level 2. HP: 24/24 MP: 2/2
   470 | D:1      | Reached skill level 4 in Axes
   470 | D:1      | Reached XP level 3. HP: 26/29 MP: 3/3
  1090 | D:2      | Reached XP level 4. HP: 24/35 MP: 4/4
  1228 | D:2      | Found a glowing golden altar of the Shining One.
  1426 | D:2      | Found a snail-covered altar of Cheibriados.
  1758 | D:3      | Noticed Ijyb
  1791 | D:3      | Killed Ijyb
  1791 | D:3      | Reached skill level 5 in Axes
  1883 | D:3      | Noticed Crazy Yiuf
  1893 | D:3      | Killed Crazy Yiuf
  1893 | D:3      | Reached XP level 5. HP: 16/41 MP: 5/5
  2304 | D:3      | Noticed Natasha
  2305 | D:3      | Noticed zervinho's ghost (amateur SpEn)
  2332 | D:3      | Killed Natasha
  2350 | D:3      | Succumbed to zervinho's ghost's poison

Skill      XL: |  1  2  3  4 |
---------------+-------------+-----
Axes           | 4 5 |  5.8
Fighting       | |  3.0
Throwing       | |  1.0
Armour         | |  2.0
Stealth        | |  1.0

Action                   |  1- 3 |  4- 6 || total
-------------------------+-------+-------++-------
Melee: Hand axe          |   118 |    99 ||   217
Throw: Tomahawk          |       |     3 ||     3
  Use: Potion            |       |     1 ||     1
  Eat: Chunk             |     1 |     3 ||     4
Armor: Scale mail        |    69 |    48 ||   117
Dodge: Dodged            |    68 |    24 ||    92
Block: Buckler           |       |     9 ||     9
